 Dungeon Crawl Stone Soup version 0.31-a0-931-g7b59d4eb97 (webtiles) character file.

Game seed: 1733992088807833127

86 quinnr the Gusty (level 4, -10/25 HPs)
             Began as a Tengu Air Elementalist on Oct 19, 2023.
             Mangled by an ice beast (12 damage)
             ... on level 3 of the Dungeon.
             The game lasted 00:03:55 (1475 turns).

quinnr the Gusty (Tengu Air Elementalist)           Turns: 1475, Time: 00:03:55

Health: -10/25     AC:  2    Str:  8    XL:     4   Next: 49%
Magic:  2/8        EV: 27    Int: 17    God:
Gold:   47         SH:  0    Dex: 15    Spells: 2/8 levels left

rFire   . . .        (no weapon)
rCold   . . .        (no shield)
rNeg    . . .        a - +0 robe
rPois   .            (helmet restricted)
rElec   .            (no cloak)
rCorr   .            (no gloves)
SInv    .            (boots unavailable)
Will    +....        (no amulet)
Stlth   ++           (no ring)
HPRegen 0.24/turn    (no ring)
MPRegen 0.11/turn

%: acrobat
@: swift, acrobatic, attractive, quick
A: beak, talons 3, acrobatic, strong-willed 1
a: no special abilities


You were on level 3 of the Dungeon.
You visited 1 branch of the dungeon, and saw 4 of its levels.

You collected 47 gold pieces.


Innate Abilities, Weirdness & Mutations

You have a beak for a mouth.
You have claws for feet.
You can magically evade attacks while moving or waiting.
You are strong-willed. (Will+)


   Skills:
 + Level 1.4 Fighting
 - Level 2.1 Dodging
 - Level 2.0 Stealth
 + Level 2.5 Spellcasting
 - Level 1.3 Conjurations
 - Level 6.0 Air Magic


You had 2 spell levels left.
You knew the following spells:

 Your Spells              Type           Power      Damage    Failure   Level
i - Swiftness             Air            22%        N/A       4%          3
t - Static Discharge      Conj/Air       28%        2-4/arc   6%          2
z - Shock                 Conj/Air       56%        1d6       4%          1

Your spell library contained the following spells:

 Spells                   Type           Power      Damage    Failure   Level
 Airstrike                Air            11%        2d(2-18)  16%         4

Inventory:

Armour
 a - a +0 robe (worn)
Scrolls
 c - a scroll of identify {@r1}
 f - a scroll of poison
Potions
 b - a potion of magic

Dungeon Overview and Level Annotations

Branches:
Dungeon (4/15)
 Temple: D:4-7

Altars:

##### #...
#######.#####
#...........########
#...........##)....#
#...........##.....#
#...........##.Y...#
#...........##@....#
#..................#
#...........##.....#
#...........##.....#
##############.....#
###+###


You could see an ice beast.


Message History

The ice beast attacks as it pursues you!
The ice beast completely misses you.
The ice beast attacks as it pursues you!
The ice beast misses you. The ice beast closely misses you.
Found a falchion.
Okay, then.
The ice beast attacks as it pursues you!
The ice beast hits you.
* * * LOW HITPOINT WARNING * * *
The ice beast freezes you!
* * * LOW HITPOINT WARNING * * *
Unknown command.
It was a potion of attraction.
You feel attractive to monsters. The ice beast misses you.
Unknown command.
Okay, then.
Okay, then.
Casting: Shock (safe; 4% risk of failure)
Confirm with . or Enter, or press ? or * to list all spells.
You feel quick. The ice beast closely misses you.
Unknown command.
Unknown command.
The ice beast is attracted toward you. The ice beast completely misses you.
The ice beast hits you.
* * * LOW HITPOINT WARNING * * *
The ice beast freezes you!
You die...

Skill      XL: |  1  2  3  4 |
---------------+-------------+-----
Air Magic      | 5 6 |  6.0
Fighting       | 1 |  1.4
Dodging        | |  2.1
Stealth        | |  2.0
Spellcasting   | |  2.5
Conjurations   | |  1.3

Action                     |  1- 3 |  4- 6 || total
---------------------------+-------+-------++-------
  Melee: Unarmed           |    18 |       ||    18
         Kick              |     4 |       ||     4
         Peck              |     3 |       ||     3
   Cast: Shock             |    68 |    28 ||    96
         Swiftness         |       |     1 ||     1
    Use: Scroll            |       |     3 ||     3
         Potion            |       |     2 ||     2
 Armour: Robe              |    16 |     8 ||    24
  Dodge: Dodged            |    33 |    16 ||    49

Levels and vault maps discovered:
D:1:      saegor_arrival_simple_e, layout_loops_ring,
          dilly_ecumenical_altar_fadedgnrine
D:2:      minmay_roachtagon, layout_rooms, hangedman_feature_mirror
D:3:      layout_basic, dk_noncrumbling_3
D:4:      layout_cave_pools, mainiacjoe_overflow_six_doors_small,
          gammafunk_ghost_stat_death

Notes
Turn   | Place    | Note
-------+----------+-------------------------------------------
     0 | D:1      | quinnr the Tengu Air Elementalist began the quest for the
                  | Orb.
     0 | D:1      | Reached XP level 1. HP: 10/10 MP: 4/4
   180 | D:1      | Reached XP level 2. HP: 15/15 MP: 1/6
   328 | D:1      | Reached skill level 5 in Air Magic
   596 | D:1      | Reached XP level 3. HP: 19/19 MP: 5/7
   865 | D:2      | Reached skill level 6 in Air Magic
  1124 | D:2      | Learned a level 2 spell: Static Discharge
  1128 | D:2      | Learned a level 3 spell: Swiftness
  1140 | D:2      | Reached XP level 4. HP: 12/24 MP: 4/8
  1143 | D:2      | Reached skill level 1 in Fighting
  1437 | D:3      | Noticed an ice beast
  1448 | D:3      | Gained mutation: You are strong-willed. (Will+) [potion of
                  | mutation]
  1468 | D:3      | HP: 2/25 [ice beast (7)]
  1475 | D:3      | HP: 2/25 [ice beast (1)]
  1475 | D:3      | Mangled by an ice beast

Vanquished Creatures
  3 gnolls (D:2)
  An adder (D:2)
  A worm (D:3)
  4 bats (D:1)
  2 endoplasms
  10 giant cockroaches
  4 goblins
  2 hobgoblins (D:1)
  7 jackals (D:1)
  2 ball pythons
  A frilled lizard (D:1)
  3 rats (D:3)
40 creatures vanquished.

Table legend: (Time is in decaauts)
 A = Elapsed time spent in this place.
 B = Non-inter-level travel time spent in this place.
 C = Inter-level travel time spent in this place.
 D = Time resting spent in this place.
 E = Time spent auto-exploring this place.
 F = Levels seen in this place.
 G = Mean time per level.
                   A        B        C        D        E       F      G
               +--------+--------+--------+--------+--------+-----+--------+
         Total |   1474 |   1434 |     40 |    159 |    905 |   4 |  368.5 |
       Dungeon |   1474 |   1434 |     40 |    159 |    905 |   4 |  368.5 |
               +--------+--------+--------+--------+--------+-----+--------+

Top non-repeatable levels by time:
     D:1: 845 daAuts
     D:2: 425 daAuts
     D:3: 200 daAuts
     D:4: 3 daAuts

Table legend:
 A = Non-vault XP
 B = Vault XP
 C = Vault XP percentage of total XP
 D = Non-vault monster count
 E = Vault monster count
 F = Vault count percentage of total count
                 A         B        C        D         E       F
            +---------+---------+-------+---------+---------+-------
      Total |     100 |      23 |  18.7 |      30 |      10 |  25.0
            +---------+---------+-------+---------+---------+-------
        D:1 |      36 |       0 |   0.0 |      20 |       0 |   0.0
        D:2 |      59 |      18 |  23.4 |       6 |       9 |  60.0
        D:3 |       5 |       5 |  50.0 |       4 |       1 |  20.0
            +---------+---------+-------+---------+---------+-------

Levels and vault maps discovered:
D:1:      saegor_arrival_simple_e, layout_loops_ring,
          dilly_ecumenical_altar_fadedgnrine
D:2:      minmay_roachtagon, layout_rooms, hangedman_feature_mirror
D:3:      layout_basic, dk_noncrumbling_3
D:4:      layout_cave_pools, mainiacjoe_overflow_six_doors_small,
          gammafunk_ghost_stat_death
